 Dungeon Crawl Stone Soup version 0.29-a0-483-g69413ace17 (webtiles) character file.

Game seed: 4735467506828746480

444203 timneilson the Peltast (level 24, -10/155 (157) HPs)
             Began as a Gargoyle Fighter on May 21, 2022.
             Was a High Priest of Okawaru.
             Mangled by a vault guard
             ... wielding a +1 halberd
              (18 damage)
             ... on level 5 of the Vaults on May 25, 2022.
             The game lasted 04:09:36 (55398 turns).

timneilson the Peltast (Gargoyle Fighter)          Turns: 55398, Time: 04:09:37

HP:   -10/155 (157) AC: 76    Str: 36    XL:     24   Next: 16%
MP:   0/34          EV: 13    Int: 14    God:    Okawaru [*****.]
Gold: 1796          SH: 27    Dex:  9    Spells: 34/35 levels left

rFire   + . .      SeeInvis .   m - +3 double sword (protect)
rCold   . . .      Faith    .   j - +0 tower shield
rNeg    + . .      Spirit   .   l - +8 orange crystal plate armour {Archmagi, Int+3 Clar}
rPois   ∞          Reflect  .   k - +2 helmet
rElec   +          Harm     .   d - +2 cloak {Will+}
rCorr   .          Rampage  .   r - +2 pair of gloves {infuse}
Will    ++...      Archmagi +   N - -2 pair of boots "Ufehae" {rF+ Slay+3}
Stlth   .......... Clarity  +   n - amulet of regeneration
HPRegen 1.15/turn               H - +4 ring of slaying
MPRegen 0.24/turn               I - +6 ring of strength

@: heroic, under a protective aura, flying, hasted, lightly drained, very quick
A: sickness immunity, AC +18, big wings, negative energy resistance 1,
electricity resistance, torment resistance 1, petrification resistance, large
bone plates 1, wild magic 1, sturdy frame 1
}: 2/15 runes: decaying, gossamer
a: Renounce Religion, Heroism, Finesse, Duel


You were on level 5 of the Vaults.
You worshipped Okawaru.
Okawaru was extremely pleased with you.
You visited 9 branches of the dungeon, and saw 43 of its levels.
You visited the Abyss 1 time.
You also visited: Ice Cave.

You collected 5772 gold pieces.
You spent 3976 gold pieces at shops.

Inventory:

Hand Weapons
 m - a +3 double sword of protection (weapon)
 A - a +4 scimitar of flaming
 J - a +6 scimitar of holy wrath
Missiles
 B - 5 silver javelins (quivered)
Armour
 d - a +2 cloak of willpower (worn)
 j - a +0 tower shield (worn)
 k - a +2 helmet (worn)
 l - the +8 orange crystal plate armour (worn) {Archmagi, Int+3 Clar}
   (You found it on level 1 of the Vaults)

   Int:       It affects your intelligence (+3).
   Clar:      It protects you against confusion.
 r - a +2 pair of gloves of infusion (worn)
 N - the -2 pair of boots "Ufehae" (worn) {rF+ Slay+3}
   (Okawaru gifted it to you on level 11 of the Dungeon)

   Slay:      It affects your accuracy & damage with ranged weapons and melee
   (+3).
   rF:        It protects you from fire.
Jewellery
 f - a ring of see invisible
 n - an amulet of regeneration (around neck)
 v - a ring of positive energy
 x - the ring "Toam" {Fire Will+ Slay+3}
   (You took it off a vampire knight on level 3 of the Crypt)

   [ring of fire]

   It enhances your fire magic.
   Slay:      It affects your accuracy & damage with ranged weapons and melee
   (+3).
   rF:        It protects you from fire.
   rC:        It makes you vulnerable to cold.
   Will:      It increases your willpower.
 y - a ring of ice
 C - a ring of resist corrosion
 F - an amulet of reflection
 H - a +4 ring of slaying (left hand)
 I - a +6 ring of strength (right hand)
 S - a ring of positive energy
Wands
 b - a wand of digging (3)
 X - a wand of iceblast (23)
 Y - a wand of flame (24)
Scrolls
 c - 3 scrolls of magic mapping
 s - 3 scrolls of amnesia
 u - 13 scrolls of teleportation
 z - a scroll of silence
 D - 5 scrolls of enchant weapon
 K - 5 scrolls of fog
 O - a scroll of blinking
 P - 8 scrolls of fear
 Q - 4 scrolls of enchant armour
 U - a scroll of poison
Potions
 g - 19 potions of curing
 h - 12 potions of brilliance
 i - 7 potions of cancellation
 p - 7 potions of attraction
 w - 11 potions of mutation
 E - 2 potions of haste
 G - 5 potions of resistance
 L - 7 potions of invisibility
Miscellaneous
 M - a lightning rod (4/4)
 V - a condenser vane (inert)


   Skills:
 + Level 18.0(23.0) Fighting
 * Level 17.6(22.6) Long Blades
 + Level 7.6(12.6) Throwing
 * Level 20.6(25.6) Armour
 + Level 11.5(16.5) Dodging
 * Level 20.6(25.6) Shields
 + Level 6.3 Spellcasting
 + Level 6.2 Translocations
 + Level 14.7 Invocations
 + Level 11.9 Evocations


You had 34 spell levels left.
You knew the following spells:

 Your Spells              Type           Power      Damage    Failure   Level
a - Apportation           Tloc           84%        N/A       8%          1

Your spell library contained the following spells:

 Spells                   Type           Power      Damage    Failure   Level
 Blink                    Tloc           84%        N/A       12%         2
 Gell's Gravitas          Tloc           42%        N/A       21%         3
 Lesser Beckoning         Tloc           42%        N/A       21%         3
 Beastly Appendage        Tmut           16%        N/A       63%         1
 Foxfire                  Conj/Fire      32%        2x1d5     63%         1
 Magic Dart               Conj           32%        1d4       63%         1
 Necrotize                Necr           32%        1d5       63%         1
 Sandblast                Erth           16%        2d6       63%         1
 Sting                    Tmut/Pois      32%        1d4       63%         1
 Passwall                 Tmut/Erth      6%         N/A       75%         2
 Poisonous Vapours        Pois/Air       16%        N/A       75%         2
 Scorch                   Fire           16%        2d6       75%         2
 Searing Ray              Conj           16%        2d5       75%         2
 Manifold Assault         Tloc           42%        N/A       86%         5
 Iskenderun's Mystic Bla  Conj/Tloc      25%        2d7       90%         4
 Conjure Flame            Conj/Fire      8%         6-21      92%         3
 Dazzling Flash           Conj/Hex       16%        N/A       92%         3
 Ignite Poison            Fire/Tmut/Pois 8%         N/A       92%         3
 Inner Flame              Hex/Fire       8%         N/A       92%         3
 Mephitic Cloud           Conj/Pois/Air  8%         N/A       92%         3
 Ozocubu's Armour         Ice            8%         N/A       92%         3
 Spider Form              Tmut/Pois      8%         N/A       92%         3
 Stone Arrow              Conj/Erth      16%        3d8       92%         3
 Vampiric Draining        Necr           8%         2d6       92%         3
 Anguish                  Hex/Necr       4%         N/A       100%        4
 Cause Fear               Hex            4%         N/A       100%        4
 Corpse Rot               Necr/Pois/Air  8%         N/A       100%        4
 Flame Wave               Conj/Fire      8%         2d5       100%        4
 Fulminant Prism          Conj/Hex       4%         3d6       100%        4
 Hailstorm                Conj/Ice       8%         3d4       100%        4
 Ice Form                 Ice/Tmut       8%         N/A       100%        4
 Olgreb's Toxic Radiance  Pois           8%         N/A       100%        4
 Petrify                  Tmut/Erth      8%         N/A       100%        4
 Agony                    Necr           8%         N/A       100%        5
 Alistair's Intoxication  Tmut/Pois      5%         N/A       100%        5
 Borgnjor's Vile Clutch   Necr/Erth      4%         N/A       100%        5
 Fireball                 Conj/Fire      4%         3d4       100%        5
 Irradiate                Conj/Tmut      4%         3d14      100%        5
 Metabolic Englaciation   Hex/Ice        4%         N/A       100%        5
 Yara's Violent Unravell  Hex/Tmut       4%         3d4       100%        5
 Starburst                Conj/Fire      4%         6d3       100%        6
 Enfeeble                 Hex            4%         N/A       100%        7
 Ozocubu's Refrigeration  Ice            4%         4d5       100%        7
 Discord                  Hex            4%         N/A       100%        8
 Disjunction              Tloc           21%        N/A       100%        8
 Ignition                 Fire           4%         3d4       100%        8
 Lehudib's Crystal Spear  Conj/Erth      4%         10d3      100%        8
 Necromutation            Tmut/Necr      4%         N/A       100%        8
 Sublimation of Blood     Necr           Unusable   N/A       N/A         2
 Summon Forest            Summ/Tloc      Unusable   N/A       N/A         5
 Animate Armour           Summ/Erth      Unusable   N/A       N/A         4
 Animate Dead             Necr           Unusable   N/A       N/A         4
 Simulacrum               Ice/Necr       Unusable   N/A       N/A         6
 Malign Gateway           Summ/Tloc      Unusable   N/A       N/A         7
 Infestation              Necr           Unusable   N/A       N/A         8

Dungeon Overview and Level Annotations

Branches:
Dungeon (15/15)            Temple (1/1) D:4            Lair (6/6) D:10
  Swamp (4/4) Lair:4       Spider (4/4) Lair:3        Slime (0/5) Lair:6
    Orc (2/2) D:12            Elf (0/3) Orc:2        Vaults (5/5) D:14
  Crypt (3/3) Vaults:2       Tomb (0/3) Crypt:3      Depths (3/4) D:15
  IceCv (visited)

Altars:
Ashenzari
Cheibriados
Dithmenos
Elyvilon
Fedhas
Gozag
Hepliaklqana
Kikubaaqudgha
Makhleb
Nemelex Xobeh
Okawaru
Qazlal
Ru
Sif Muna
Trog
Uskayaw
Vehumet
Wu Jian
Xom
Yredelemnul
Zin
The Shining One
Beogh
Jiyva

Shops:
D:15 [   Orc:2 !=(!*   Vaults:2 :   Vaults:4 (*[?   Depths:2 !   Depths:3 ?=*

Portals:
Hell: Depths:1 Depths:2 Depths:3
Abyss: Depths:2 Depths:3
Pandemonium: Depths:2
Ziggurat: Depths:1
Trove: D:10 (give 10 potions of heal wounds)

Annotations:
D:13 2 transporters
Lair:6 3 runed translucent doors, bladeefan's ghost, journeyman DsCK
Orc:2 2 runed translucent doors, Psyclone's ghost, journeyman OpIE
Vaults:5 Boris
Depths:2 Parghit


Innate Abilities, Weirdness & Mutations

You are immune to sickness and miasma.
Your stone body is resilient. (AC +18)
You are immune to poison.
Your large and strong wings let you fly.
You resist negative energy. (rN+)
You are resistant to electric shocks. (rElec)
You are resistant to unholy torment.
You are immune to petrification.
You are partially covered in large bone plates. (SH +4)
Your spells are a little harder to cast, but a little more powerful.
Your movements are slightly less encumbered by armour. (ER -2)


Message History

The vault warden is severely wounded.
Your hands slow down.
The jumping spider leaps!
The deep elf high priest performs a strange gesture.
You block the deep elf high priest's attack.
Something hits you but does no damage.
Something touches you but does no damage.
The deep elf high priest utters a dark prayer and points at you.
The orc sorcerer casts a spell.
The ironbound convoker gestures at the stone giant while chanting.
The stone giant seems to grow stronger.
You block the vault warden's attack.
The ironbound preserver gestures wildly while chanting.
The ironbound preserver begins to accept its allies' injuries.
The stone giant barely misses you.
The ironbound frostheart touches you but does no damage.
The stone giant hits you but does no damage.
You block the vault guard's attack. The vault warden misses you.
The tengu reaver hits you with a +0 great sword.
* * * LOW HITPOINT WARNING * * *
The tengu reaver pecks you.
* * * LOW HITPOINT WARNING * * *
The tengu reaver claws you but does no damage.
The vault warden blocks your attack.
The vault warden is severely wounded.
Unknown command.
You slash the vault warden!
The vault warden is severely wounded.
The vault sentinel seems less brilliant.
The ironbound preserver seems less brilliant.
The vault sentinel is empowered by the deep elf high priest's aura!
The ironbound preserver is empowered by the deep elf high priest's aura!
The stone giant hits you but does no damage.
The ironbound frostheart touches you but does no damage.
You block the vault warden's attack. Something hits you but does no damage.
You block something's attack. You block the stone giant's attack.
The vault warden hits you but does no damage.
The ironbound convoker gestures at the jumping spider while chanting.
The jumping spider seems to grow stronger.
The vault guard hits you from afar with a +1 halberd!!
You die...

#....# ... . #....# ...
#. #....# .... ...
#.W..#.....
#...#°.s.#.....
.....pCpp......
######.WpepCT.####
.......CpC@ppT....
.p.....opQ{ppT....
.e.....pppeppW..(.
......poppppD.....
############po4.D.1.####
.....Dpp..4.C.......C
......p.....3#....#...
...##).o.#####....#....
.. ##....# ....#


You could see a shadow dragon (strong, sheltered), an ironbound preserver
(empowered), a storm dragon (sheltered), a Tzitzimitl (summoned, sheltered), a
frost giant (empowered), 4 stone giants, 2 vault wardens, a tengu reaver
(empowered, sheltered), 14 vault guards, an ettin (strong, sheltered), an
ironbound frostheart (strong, empowered, sheltered), 3 deep trolls, a sun demon
(summoned), a vault sentinel (empowered, sheltered, catching breath), 2 deep elf
high priests, a phantasmal warrior (strong, sheltered), 3 ironbound convokers, a
rust devil (summoned), 2 freezing wraiths, a chaos spawn (summoned, sheltered),
a jumping spider shaped shifter (strong, sheltered), an orc sorcerer (strong,
empowered, sheltered) and 2 orc warriors.

Vanquished Creatures
  An ancient lich (Vaults:3)
  A juggernaut (Depths:3)
  Sojobo (Crypt:2)
  Boris (Depths:3)
  Frederick (Crypt:1)
  Saint Roka (Crypt:3)
  the Lernaean hydra (Swamp:4)
  2 curse toes (Crypt:3)
  3 golden dragons (Depths:3)
  Arachne (Spider:4)
  2 tentacled monstrosities (Depths:3)
  A walking earthen tome (Depths:3)
  6 liches
  2 quicksilver dragons (Depths:3)
  2 walking frostbound tomes (Depths:3)
  9 ancient champions
  A tentacled starspawn (Abyss:2)
  A thorn hunter (Swamp:1)
  Gastronok (Lair:3)
  7 sphinxes
  An eldritch tentacle (Vaults:4)
  Agnes (D:15)
  7 tengu reavers
  Donald (Spider:1)
  A shadow dragon (Vaults:5)
  A revenant (Crypt:3)
  5 fire giants
  2 iron dragons
  11 frost giants
  3 orc warlords
  13 vault wardens
  5 ghost moths
  6 spriggan defenders
  3 curse skulls
  7 emperor scorpions
  Louise (Spider:2)
  16 ironbound preservers
  A reaper (Crypt:2)
  17 ghouls
  19 very ugly things
  8 stone giants
  An ophan (Abyss:2)
  7 vampire knights
  12 ironbound thunderhulks
  Azrael (Orc:1)
  7 eleionomae
  5 entropy weavers
  2 lorocyprocas
  10 dire elephants
  A white draconian (IceCv)
  6 bunyips
  7 deep elf death magi
  9 ettins
  7 spark wasps
  A crystal guardian (Vaults:3)
  A quicksilver dragon zombie (Crypt:1)
  4 fire dragons
  Snorg (Lair:5)
  3 eidola
  A fire dragon (shapeshifter) (Depths:3)
  9 jiangshi
  6 spriggan zombies
  10 yaktaur captains
  6 great orbs of eyes
  Josephine (D:14)
  2 rakshasas
  21 hydras
  10 ice dragons
  2 fenstrider witch zombies (Crypt:1)
  An ice dragon (shapeshifter) (Vaults:5)
  A catoblepas (Lair:6)
  9 ironbound frosthearts
  Erolcha (D:12)
  A jorogumo (Spider:4)
  10 boulder beetles
  A peacekeeper (Vaults:3)
  A quicksilver dragon skeleton (Crypt:3)
  3 spriggan air magi
  A ghost crab (Swamp:1)
  6 centaur warriors
  An ogre mage (Vaults:4)
  5 vault guards
  3 radroaches
  5 death knights
  11 tengu warriors
  7 alligators
  2 spriggan skeletons
  A two-headed ogre (D:14)
  5 deep troll shamans
  5 death yaks (Lair:6)
  4 deep troll earth magi
  A thrashing horror (Abyss:2)
  8 vampire magi
  4 orc high priests
  2 titan zombies
  5 hell knights (Depths:2)
  Sonja (Orc:1)
  2 spriggan berserkers
  The ghost of Antichthon the Basher, a novice GrFi of the Shining One (D:9)
  3 soul eaters
  2 wretched stars (Abyss:2)
  A fire crab (Vaults:4)
  7 pharaoh ants
  An anaconda zombie (Crypt:2)
  A sun moth (Spider:3)
  6 steelbarb worms
  A ghost moth zombie (Crypt:1)
  19 skeletal warriors
  A bunyip zombie (Crypt:1)
  An orange crystal statue (IceCv)
  2 glowing orange brains
  A shadow wraith (Crypt:3)
  5 flayed ghosts
  3 iron trolls (Depths:3)
  2 sea snakes (Vaults:4)
  50 deep trolls
  11 swamp dragons
  4 goliath frogs
  An orb spider (shapeshifter) (Vaults:5)
  A glowing orange brain (shapeshifter) (Depths:3)
  4 bog bodies
  A death drake (Vaults:4)
  2 spriggan druids (Swamp:2)
  12 orb spiders
  Pikel (D:7)
  4 spectral wolf spiders (Spider:4)
  2 spriggan simulacra
  13 lindwurms
  A harpy (shapeshifter) (Depths:3)
  2 wolf spider zombies (Spider:4)
  10 ironbound convokers
  6 wizards
  10 harpies (Vaults:3)
  6 phantasmal warriors
  6 necromancers
  8 orc knights
  A stone giant zombie (Crypt:1)
  7 orc sorcerers
  7 deep elf pyromancers
  2 manticores
  A manticore (shapeshifter) (Depths:3)
  24 wolf spiders
  8 cyclopes
  3 moths of wrath
  2 centaur zombies (Crypt:3)
  49 ugly things
  6 elephants
  A draconian zombie (Crypt:2)
  3 will-o-the-wisps
  12 vault sentinels
  5 black mambas
  3 dire elephant zombies (Crypt:3)
  Joseph (D:9)
  2 molten gargoyles (Vaults:4)
  A titan simulacrum (Crypt:1)
  A dire elephant skeleton (Crypt:1)
  3 naga magi (Vaults:4)
  5 torpor snails
  2 unseen horrors
  A death yak zombie (Crypt:3)
  19 cane toads
  An alligator snapping turtle zombie (Crypt:3)
  A black draconian zombie (Crypt:2)
  A grey draconian zombie (Crypt:1)
  The ghost of xian the Sneak, a novice OpFi of Nemelex Xobeh (D:7)
  11 rime drakes
  3 yaktaurs (shapeshifter)
  A komodo dragon (shapeshifter) (D:9)
  11 freezing wraiths
  8 demonic crawlers
  12 komodo dragons
  An ancient zyme (Abyss:2)
  3 kobold demonologists
  34 yaktaurs
  A hellwing (Depths:2)
  A bunyip simulacrum (Crypt:1)
  A tormentor (Abyss:2)
  A grey draconian skeleton (Crypt:1)
  A black draconian skeleton (Crypt:2)
  2 tengu conjurers
  An alligator snapping turtle skeleton (Crypt:1)
  A red devil (Depths:2)
  8 guardian mummies (Crypt:3)
  6 meliai
  A meliai (shapeshifter) (D:9)
  2 harpy skeletons
  2 harpy zombies
  5 trolls
  17 tarantellas
  7 tyrant leeches
  5 wolf spider simulacra (Spider:4)
  A tarantella (shapeshifter) (Vaults:5)
  14 polar bears
  Grinder (D:4)
  A blink frog (shapeshifter) (Depths:3)
  A meliai zombie (Crypt:2)
  11 hornets
  9 blink frogs
  A merfolk zombie (Crypt:1)
  2 hydra skeletons
  17 slime creatures
  An ettin zombie (Crypt:1)
  19 jumping spiders
  3 flying skulls (Crypt:1)
  A centaur simulacrum (D:7)
  3 water elementals (Depths:2)
  5 spriggans
  Sigmund (D:4)
  A shadow (D:12)
  28 culicivoras
  19 wraiths
  61 yaks
  5 vampires
  A ynoxinul (Depths:2)
  2 wyverns
  10 humans (D:14)
  2 fire elementals (Vaults:4)
  A hog (Vaults:4)
  7 basilisks
  A steam dragon (D:9)
  2 chaos spawn (Abyss:2)
  A redback simulacrum (D:7)
  69 redbacks
  13 vampire mosquitoes
  2 spatial vortices (Vaults:4)
  3 neqoxecs
  A swamp worm (shapeshifter) (Vaults:2)
  4 wargs
  Edmund (D:5)
  An acid dragon (D:8)
  A naga zombie (Crypt:1)
  13 swamp worms
  A deep troll zombie (Crypt:2)
  3 small abominations
  Duvessa (D:7)
  17 water moccasins
  5 hell hounds (Orc:1)
  6 swamp drakes
  A floating eye (Depths:3)
  A floating eye (shapeshifter) (Depths:2)
  A black bear (shapeshifter) (D:14)
  6 ice beasts
  A sky beast (D:6)
  9 black bears
  41 orc warriors
  8 centaurs
  5 ogres (Orc:1)
  51 wolves
  An elephant skeleton (Crypt:1)
  12 kobold brigands
  A phantom (D:7)
  A yaktaur zombie (Crypt:3)
  20 bullfrogs
  Blork the orc (D:4)
  2 gnoll sergeants
  4 scorpions
  12 necrophages
  A komodo dragon skeleton (Crypt:3)
  A water moccasin skeleton (Crypt:2)
  3 wights (D:8)
  Dowan (D:7)
  A raiju zombie (Crypt:3)
  8 killer bees
  A warg skeleton (Crypt:1)
  5 electric eels
  A howler monkey (D:7)
  A vampire bat (Vaults:4)
  7 starcursed masses (Abyss:2)
  A basilisk zombie (Crypt:2)
  A human zombie (Crypt:3)
  A lava snake (Vaults:4)
  5 jellies
  2 hounds (D:5)
  Crazy Yiuf (D:4)
  2 gnoll shamans
  27 orc priests
  2 iguanas
  Natasha (thrice) (D:4)
  27 orc wizards
  An iguana (shapeshifter) (D:9)
  Robin (D:4)
  18 gnolls
  7 adders
  A swamp drake skeleton (Crypt:1)
  4 white imps
  2 ufetubi
  A lava snake zombie (Crypt:3)
  An adder skeleton (Crypt:3)
  A lava snake skeleton (Crypt:1)
  2 worms
  3 dart slugs
  82 orcs
  7 bats
  8 endoplasms
  A giant cockroach (D:1)
  11 goblins
  17 hobgoblins
  4 jackals (D:4)
  3 quokkas
  5 ball pythons
  3 frilled lizards
  A jackal zombie (Crypt:3)
  19 kobolds
  An orc zombie (Crypt:2)
  6 rats
  A rat skeleton (Crypt:1)
  A river rat skeleton (Crypt:2)
1830 creatures vanquished.

Vanquished Creatures (others)
  A walking frostbound tome (Depths:2)
  An emperor scorpion (Spider:4)
  3 fire giants
  An ironbound preserver (Vaults:5)
  A vault guard (D:14)
  A phantasmal warrior (Vaults:5)
  A swamp dragon (Swamp:2)
  A wolf spider (Spider:4)
  4 bloated husks
  A redback (Spider:4)
  2 orc priests (Orc:2)
  10 foxfires
  49 fungi
  54 plants
  2 starspawn tentacles (Abyss:2)
  4 toadstools (D:1)
136 creatures vanquished.

Grand Total: 1966 creatures vanquished

Notes
Turn   | Place    | Note
-------+----------+-------------------------------------------
     0 | D:1      | timneilson the Gargoyle Fighter began the quest for the
                  | Orb.
     0 | D:1      | Reached XP level 1. HP: 14/14 MP: 1/1
    75 | D:1      | Reached XP level 2. HP: 17/19 MP: 2/2
   825 | D:2      | Reached XP level 3. HP: 13/23 MP: 3/3
  1110 | D:2      | Found a faded altar of an unknown god.
  1416 | D:2      | Reached XP level 4. HP: 24/28 MP: 4/4
  2251 | D:3      | Found a bloodstained altar of Trog.
  2581 | D:4      | Noticed a black bear
  2593 | D:4      | Killed a black bear
  2594 | D:4      | Reached skill level 1 in Dodging
  2594 | D:4      | Reached XP level 5. HP: 33/33 MP: 5/5
  2601 | D:4      | Noticed Robin
  2628 | D:4      | Killed Robin
  2729 | D:4      | Noticed Natasha
  2737 | D:4      | Killed Natasha
  2738 | D:4      | Reached XP level 6. HP: 30/38 MP: 6/6
  2836 | D:4      | Noticed Natasha
  2844 | D:4      | Killed Natasha
  2929 | D:4      | Found a staircase to the Ecumenical Temple.
  2935 | Temple   | Entered the Ecumenical Temple
  3340 | Temple   | Became a worshipper of Warmaster Okawaru
  3640 | D:4      | Noticed Grinder
  3643 | D:4      | Paralysed by Grinder for 4 turns
  3666 | D:4      | Killed Grinder
  3666 | D:4      | Reached * piety under Okawaru
  3667 | D:4      | Reached skill level 5 in Armour
  3667 | D:4      | Reached skill level 5 in Shields
  3667 | D:4      | Reached skill level 1 in Invocations
  3667 | D:4      | Reached XP level 7. HP: 27/43 MP: 7/7
  3686 | D:4      | Found Jacecly's Distillery.
  3686 | D:4      | Noticed Natasha
  3687 | D:4      | Noticed Blork the orc
  3693 | D:4      | Killed Natasha
  3701 | D:4      | Killed Blork the orc
  3765 | D:4      | Noticed Sigmund
  3775 | D:4      | Killed Sigmund
  3811 | D:4      | Found a runed translucent door.
  3812 | D:4      | Noticed Crazy Yiuf
  3824 | D:4      | Killed Crazy Yiuf
  3825 | D:4      | Reached XP level 8. HP: 47/48 MP: 5/9
  4260 | D:5      | Entered Level 5 of the Dungeon
  4633 | D:5      | Reached ** piety under Okawaru
  5026 | D:6      | Noticed Edmund
  5231 | D:5      | Killed Edmund
  5286 | D:6      | Reached skill level 5 in Fighting
  5372 | D:6      | Reached skill level 5 in Long Blades
  5502 | D:6      | Reached XP level 9. HP: 54/54 MP: 11/11
  5737 | D:6      | Identified a scroll of acquirement
  5737 | D:6      | Acquired 949 gold pieces
  5760 | D:7      | Found a transporter.
  5761 | D:7      | Found a transporter.
  5774 | D:7      | Noticed a white ugly thing
  5929 | D:7      | You fall into a shaft and drop 3 floors!
  5929 | D:10     | Entered Level 10 of the Dungeon
  6105 | D:10     | Reached *** piety under Okawaru
  6110 | D:10     | Found a portal to a secret trove of treasure.
  6361 | D:9      | Reached XP level 10. HP: 54/60 MP: 11/13
  6382 | D:9      | Reached **** piety under Okawaru
  6589 | D:9      | Found a runed translucent gate.
  6590 | D:9      | Found a runed translucent gate.
  6590 | D:9      | Noticed a cyan ugly thing
  6590 | D:9      | Noticed a white ugly thing
  6591 | D:9      | Found a runed translucent gate.
  6591 | D:9      | Noticed a green ugly thing
  6592 | D:9      | Noticed a brown ugly thing
  6592 | D:9      | Noticed a glowing orange brain
  6593 | D:9      | Noticed a green ugly thing
  6598 | D:9      | Noticed an unseen horror
  6598 | D:9      | a yaktaur changed into an unseen horror
  6599 | D:9      | an unseen horror changed into a queen bee
  6655 | D:9      | Noticed Joseph
  6724 | D:9      | Killed Joseph
  6725 | D:9      | Reached skill level 1 in Evocations
  6761 | D:9      | Reached ***** piety under Okawaru
  6773 | D:9      | Reached skill level 5 in Invocations
  6784 | D:9      | Received a gift from Okawaru
  7005 | D:7      | Noticed Pikel
  7028 | D:7      | Killed Pikel
  7028 | D:7      | Received a gift from Okawaru
  7106 | D:7      | Found a transporter.
  7197 | D:7      | Found a transporter.
  7389 | D:7      | Reached XP level 11. HP: 52/66 MP: 14/14
  7416 | D:7      | Found a broken altar of Ashenzari.
  7426 | D:7      | Noticed Duvessa
  7427 | D:7      | Noticed Dowan
  7436 | D:7      | Killed Duvessa
  7441 | D:7      | Killed Dowan
  8013 | D:8      | Noticed xian's ghost (novice OpFi)
  8014 | D:8      | Found a runed translucent gate.
  8014 | D:8      | Found a runed translucent gate.
  8014 | D:8      | Found a runed translucent gate.
  8152 | D:8      | Acquired a manual of Fighting
  8566 | D:9      | Noticed a fire crab
  8566 | D:9      | a yak changed into a fire crab
  8727 | D:10     | Found a staircase to the Lair.
  8735 | D:10     | Identified the +1 plate armour "Zitzar" {rF+ rCorr}
                  | (Okawaru gifted it to you on level 10 of the Dungeon)
  8735 | D:10     | Received a gift from Okawaru
  9110 | D:11     | Noticed a cyclops
  9127 | D:10     | Killed a cyclops
  9192 | Lair:1   | Entered Level 1 of the Lair of Beasts
  9418 | Lair:1   | Reached skill level 10 in Shields
  9422 | Lair:1   | Reached skill level 10 in Armour
  9433 | Lair:1   | Reached skill level 5 in Dodging
  9553 | Lair:1   | Reached XP level 12. HP: 73/73 MP: 16/16
 10167 | Lair:2   | Noticed a six-headed hydra
 10184 | Lair:2   | Killed a one-headed hydra
 10485 | Lair:2   | Noticed a five-headed hydra
 10493 | Lair:2   | Killed a one-headed hydra
 10592 | Lair:3   | Identified the +2 cloak of Servitude {rF+} (Okawaru gifted
                  | it to you on level 3 of the Lair of Beasts)
 10592 | Lair:3   | Received a gift from Okawaru
 10735 | Lair:3   | Noticed Gastronok
 10760 | Lair:3   | Killed Gastronok
 10906 | Lair:3   | Found a hole to the Spider Nest.
 11223 | Lair:3   | Reached XP level 13. HP: 81/81 MP: 18/18
 11556 | Lair:4   | Reached skill level 10 in Fighting
 11577 | Lair:4   | Reached ****** piety under Okawaru
 12161 | Lair:4   | Received a gift from Okawaru
 12422 | Lair:4   | Found a staircase to the Swamp.
 12443 | Lair:4   | Reached skill level 5 in Evocations
 12709 | Lair:5   | Reached skill level 10 in Long Blades
 12724 | Lair:5   | Noticed Snorg
 12745 | Lair:5   | Killed Snorg
 13265 | Lair:5   | Identified the +5 spear of Festou {vorpal, Will+ Stlth+}
 13411 | Lair:6   | Entered Level 6 of the Lair of Beasts
 13428 | Lair:6   | Identified the +3 scale mail "Ecill" {Rampage rElec rF-
                  | Str+6} (Okawaru gifted it to you on level 6 of the Lair of
                  | Beasts)
 13428 | Lair:6   | Received a gift from Okawaru
 13584 | Lair:6   | Noticed a dire elephant
 13585 | Lair:6   | Noticed bladeefan's ghost (journeyman DsCK)
 13586 | Lair:6   | Identified the ring "Fecew" {rElec rF+ Will+ Int-4 Dex+2}
 13586 | Lair:6   | Noticed a minotaur
 13652 | Lair:6   | Gained mutation: Your large and strong wings let you fly.
                  | [Gargoyle growth]
 13652 | Lair:6   | Reached XP level 14. HP: 90/90 MP: 20/20
 13679 | Lair:6   | Found a runed translucent gate.
 13679 | Lair:6   | Found a runed translucent gate.
 13679 | Lair:6   | Found a runed translucent gate.
 14489 | Lair:6   | Found a viscous altar of Jiyva.
 14489 | Lair:6   | Found a staircase to the Slime Pits.
 15246 | D:11     | Identified the -2 pair of boots "Ufehae" {rF+ Slay+3}
                  | (Okawaru gifted it to you on level 11 of the Dungeon)
 15246 | D:11     | Received a gift from Okawaru
 15961 | D:12     | Noticed Erolcha
 15975 | D:12     | Killed Erolcha
 16120 | D:12     | Found a staircase to the Orcish Mines.
 16337 | D:12     | Identified the +5 short sword "Osmixur" {freeze, Fly rF++
                  | rN+ Int-4}
 16643 | D:13     | Found a viscous altar of Jiyva.
 16956 | D:13     | Found a transporter.
 17208 | D:13     | Found a transporter.
 17428 | Orc:1    | Entered Level 1 of the Orcish Mines
 17541 | Orc:1    | Noticed an orc warlord
 17557 | Orc:1    | Killed an orc warlord
 17598 | Orc:1    | Reached XP level 15. HP: 71/96 MP: 17/21
 17786 | Orc:1    | Received a gift from Okawaru
 17985 | Orc:2    | Entered Level 2 of the Orcish Mines
 17985 | Orc:2    | Noticed Azrael
 18059 | Orc:1    | Killed Azrael
 18179 | Orc:2    | Found a staircase to the Elven Halls.
 18399 | Orc:1    | Noticed Sonja
 18406 | Orc:1    | Cast into level 1 of the Abyss (Sonja)
 18582 | Abyss:2  | Noticed a tentacled starspawn
 18592 | Abyss:2  | Killed a tentacled starspawn
 18806 | Orc:1    | Escaped the Abyss
 18810 | Orc:1    | Killed Sonja
 19050 | Orc:1    | Noticed an orc warlord
 19065 | Orc:1    | Killed an orc warlord
 19463 | Orc:2    | Found Vuaxoh's General Store.
 19582 | Orc:2    | Found Seekis's Distillery.
 19666 | Orc:2    | Found Jueceps's Antique Weapon Boutique.
 19692 | Orc:2    | Found Deawnebb's Jewellery Boutique.
 19702 | Orc:2    | Found Hotom's Distillery.
 19708 | Orc:2    | Bought a potion of haste for 140 gold pieces
 19708 | Orc:2    | Bought a potion of curing for 42 gold pieces
 19708 | Orc:2    | Bought a potion of heal wounds for 70 gold pieces
 19708 | Orc:2    | Bought a potion of invisibility for 112 gold pieces
 19720 | Orc:2    | Bought a potion of curing for 45 gold pieces
 19720 | Orc:2    | Bought a potion of curing for 45 gold pieces
 19720 | Orc:2    | Bought a potion of resistance for 150 gold pieces
 19720 | Orc:2    | Bought a potion of curing for 45 gold pieces
 19720 | Orc:2    | Bought a potion of curing for 45 gold pieces
 19817 | Orc:2    | Found a large runed translucent door.
 19817 | Orc:2    | Found a large runed translucent door.
 19819 | Orc:2    | Noticed Psyclone's ghost (journeyman OpIE)
 20528 | D:7      | Killed xian's ghost
 20751 | D:9      | Found a runed translucent gate.
 20751 | D:9      | Found a runed translucent gate.
 20756 | D:9      | Found a runed translucent gate.
 20758 | D:9      | Noticed Antichthon's ghost (novice GrFi)
 20781 | D:9      | Gained mutation: You tend to lose your temper in combat. [a
                  | neqoxec]
 20807 | D:9      | Killed Antichthon's ghost
 20821 | D:9      | Gained mutation: You are occasionally teleported next to
                  | monsters. [mutagenic glow]
 20836 | D:9      | Lost mutation: You tend to lose your temper in combat.
                  | [potion of mutation]
 20836 | D:9      | Lost mutation: You are occasionally teleported next to
                  | monsters. [potion of mutation]
 20836 | D:9      | Gained mutation: Your body sometimes deteriorates upon
                  | taking damage. [potion of mutation]
 20836 | D:9      | Gained mutation: You have hidden genetic defects. [potion
                  | of mutation]
 20836 | D:9      | Gained mutation: You are agile. (Dex +2) [potion of
                  | mutation]
 20837 | D:9      | Lost mutation: You have hidden genetic defects. [potion of
                  | mutation]
 20837 | D:9      | Lost mutation: Your body sometimes deteriorates upon taking
                  | damage. [potion of mutation]
 20837 | D:9      | Lost mutation: You are agile. (Dex +2) [potion of mutation]
 20837 | D:9      | Gained mutation: Your movements are slightly less
                  | encumbered by armour. (ER -2) [potion of mutation]
 20837 | D:9      | Gained mutation: Your spells are a little harder to cast,
                  | but a little more powerful. [potion of mutation]
 20837 | D:9      | Gained mutation: You are partially covered in large bone
                  | plates. (SH +4) [potion of mutation]
 20987 | D:7      | Identified the +2 cloak of the Farrier {Harm Rampage Int-2}
 21224 | Orc:2    | Bought a +4 ring of slaying for 858 gold pieces
 22318 | D:14     | Reached XP level 16. HP: 104/104 MP: 23/23
 22328 | D:14     | Found a gate to the Vaults.
 22746 | D:14     | Noticed Josephine
 22757 | D:14     | Killed Josephine
 22882 | D:15     | Entered Level 15 of the Dungeon
 22907 | D:15     | Found Archots's Antique Armour Shop.
 23093 | D:15     | Reached skill level 10 in Invocations
 23207 | D:15     | Noticed Agnes
 23216 | D:15     | Killed Agnes
 23568 | D:15     | Received a gift from Okawaru
 23580 | D:15     | Found a staircase to the Depths.
 24039 | Swamp:1  | Entered Level 1 of the Swamp
 24078 | Lair:4   | Reached skill level 15 in Armour
 24140 | Swamp:1  | Reached skill level 15 in Shields
 24191 | Swamp:1  | Noticed a thorn hunter
 24203 | Swamp:1  | Killed a thorn hunter
 24646 | Swamp:2  | Upgraded the game from 0.29-a0-468-ge57f7f99b4 to
                  | 0.29-a0-472-ge5599a681e
 25048 | Swamp:2  | Identified the +3 falchion of the Candle {pain, rPois
                  | Int+3} (Okawaru gifted it to you on level 2 of the Swamp)
 25048 | Swamp:2  | Received a gift from Okawaru
 25473 | Swamp:3  | Found a glowing golden altar of the Shining One.
 25720 | Swamp:4  | Entered Level 4 of the Swamp
 25816 | Swamp:4  | Reached XP level 17. HP: 83/111 MP: 24/24
 26079 | Swamp:4  | Received a gift from Okawaru
 26146 | Swamp:4  | Noticed the 27-headed Lernaean hydra
 26163 | Swamp:4  | Killed the 19-headed Lernaean hydra
 26226 | Swamp:4  | Got a decaying rune of Zot
 26640 | Spider:1 | Entered Level 1 of the Spider Nest
 26721 | Spider:1 | Noticed Donald
 26736 | Spider:1 | Killed Donald
 26828 | Spider:1 | Identified the +0 chain mail of the Armoured One {rElec
                  | MP-9 Str+8} (Okawaru gifted it to you on level 1 of the
                  | Spider Nest)
 26828 | Spider:1 | Received a gift from Okawaru
 27675 | Spider:1 | Upgraded the game from 0.29-a0-472-ge5599a681e to
                  | 0.29-a0-477-g62b78b4225
 27755 | Spider:2 | Noticed Louise
 27918 | Spider:2 | Killed Louise
 27919 | Spider:2 | Reached skill level 15 in Fighting
 29113 | Spider:3 | Found a frozen archway.
 29122 | Spider:3 | Reached XP level 18. HP: 80/119 MP: 26/26
 29124 | IceCv    | Entered an ice cave
 29629 | IceCv    | Identified the +0 robe of Fortitude {+Inv Will- Int+2}
                  | (Okawaru gifted it to you in an ice cave)
 29629 | IceCv    | Received a gift from Okawaru
 31451 | Spider:4 | Entered Level 4 of the Spider Nest
 31700 | Spider:4 | Reached skill level 1 in Throwing
 31725 | Spider:4 | Noticed Arachne
 31791 | Spider:4 | Killed Arachne
 31791 | Spider:4 | Received a gift from Okawaru
 31918 | Spider:4 | Reached XP level 19. HP: 66/125 MP: 1/28
 32485 | Spider:4 | Received a gift from Okawaru
 32496 | Spider:4 | Identified the +1 pair of boots of Omuff {rElec rPois
                  | Dex+3}
 32522 | Spider:4 | Got a gossamer rune of Zot
 33055 | Vaults:1 | Entered Level 1 of the Vaults
 33110 | Vaults:1 | Received a gift from Okawaru
 34417 | Vaults:1 | Found the +8 orange crystal plate armour {Archmagi, Int+3
                  | Clar}
 34532 | Vaults:1 | Identified the +6 long sword of Iwideaq {venom, +Blink rC-
                  | SInv} (Okawaru gifted it to you on level 1 of the Vaults)
 34532 | Vaults:1 | Received a gift from Okawaru
 34550 | Vaults:1 | Reached skill level 15 in Long Blades
 34808 | Vaults:1 | Paralysed by a great orb of eyes for 5 turns
 35578 | Vaults:1 | Identified the +1 ring mail of Baleful the Leaf {rCorr MP+9
                  | Int-5 Dex+10}
 35617 | Vaults:1 | Reached skill level 10 in Evocations
 35948 | Vaults:1 | Reached XP level 20. HP: 132/132 MP: 23/29
 35996 | Vaults:2 | Identified the -4 cloak of the Merchant {*Slow rPois MP+9
                  | Str+6} (Okawaru gifted it to you on level 2 of the Vaults)
 35996 | Vaults:2 | Received a gift from Okawaru
 36036 | Vaults:2 | Reached skill level 10 in Dodging
 36592 | Vaults:2 | Found Aluomewa's Book Shoppe.
 36600 | Vaults:2 | Bought the Volume of Dislocated Stolen Souls for 704 gold
                  | pieces
 36651 | Vaults:2 | Found a staircase to the Crypt.
 36651 | Vaults:2 | Found a basalt altar of Yredelemnul.
 36652 | Vaults:2 | Found an ancient bone altar of Kikubaaqudgha.
 37188 | Vaults:2 | Reached skill level 1 in Spellcasting
 37621 | Vaults:2 | Learned a level 1 spell: Apportation
 37908 | Vaults:3 | Identified the +1 pair of boots "Atwaz" {-Tele rCorr Str-3
                  | Dex+8} (Okawaru gifted it to you on level 3 of the Vaults)
 37908 | Vaults:3 | Received a gift from Okawaru
 38293 | Vaults:3 | Reached skill level 1 in Translocations
 38324 | Vaults:3 | Noticed an ancient lich
 38347 | Vaults:3 | Killed an ancient lich
 39867 | Vaults:3 | Upgraded the game from 0.29-a0-477-g62b78b4225 to
                  | 0.29-a0-483-g69413ace17
 40012 | Vaults:4 | Found Virirphexa's Antique Weapon Emporium.
 40143 | Vaults:4 | Received a gift from Okawaru
 40220 | Vaults:4 | Found Zima's Magic Scroll Shoppe.
 40225 | Vaults:4 | Bought a scroll of fog for 22 gold pieces
 40225 | Vaults:4 | Bought a scroll of fear for 38 gold pieces
 40253 | Vaults:4 | Reached XP level 21. HP: 138/138 MP: 24/30
 41135 | Vaults:4 | Reached skill level 5 in Throwing
 41159 | Vaults:4 | Got the Handbook of the Compass
 41384 | Vaults:4 | Got the Incunabulum of Autotheism
 41655 | Vaults:4 | Got the Handbook of the Arsonist
 41799 | Vaults:4 | Received a gift from Okawaru
 41927 | Vaults:4 | Got Varoughawn's Almanac of Transformation
 41975 | Vaults:4 | Found Olleulot's Assorted Antiques.
 41991 | Vaults:4 | Bought a potion of invisibility for 336 gold pieces
 41991 | Vaults:4 | Bought a scroll of teleportation for 126 gold pieces
 42404 | Vaults:4 | Found Yxoim's Armour Shop.
 42491 | Vaults:4 | Received a gift from Okawaru
 42844 | Depths:1 | Entered Level 1 of the Depths
 42867 | Depths:1 | Found a one-way gateway to a ziggurat.
 43072 | Depths:1 | Found a sparkling altar of Nemelex Xobeh.
 43568 | Depths:1 | Found an iron altar of Okawaru.
 43724 | Depths:1 | Found a gateway to Hell.
 44017 | Depths:2 | Received a gift from Okawaru
 44239 | Depths:2 | Found a one-way gate leading to the halls of Pandemonium.
 44459 | Depths:2 | Found a one-way gate to the infinite horrors of the Abyss.
 45040 | Depths:2 | Reached XP level 22. HP: 145/145 MP: 1/32
 45103 | Depths:2 | Identified the +12 morningstar of the Turnip {drain, rCorr
                  | MP+9 Int+5 Stlth-}
 45106 | Depths:2 | Identified the +0 war axe "Oghasu Yrchuf" {vorpal, +Blink
                  | rF+++ Str+2}
 45322 | Depths:2 | Received a gift from Okawaru
 45501 | Depths:2 | Found Cohileo's Distillery.
 45513 | Depths:2 | Bought a potion of haste for 160 gold pieces
 45513 | Depths:2 | Bought a potion of haste for 160 gold pieces
 45513 | Depths:2 | Bought a potion of mutation for 128 gold pieces
 45943 | Depths:3 | Noticed a golden dragon
 45956 | Depths:3 | Killed a golden dragon
 46231 | Depths:3 | Found Saqutset's Assorted Antiques.
 46231 | Depths:3 | Found Muddyma's Jewellery Emporium.
 46234 | Depths:3 | Found Jaos Ach's Magic Scroll Shoppe.
 46249 | Depths:3 | Bought a slimy scimitar for 387 gold pieces
 46249 | Depths:3 | Identified the +3 scimitar "Ipuc" {venom, rC++} (You bought
                  | it in a shop on level 3 of the Depths)
 46253 | Depths:3 | Bought a scroll of teleportation for 66 gold pieces
 46253 | Depths:3 | Bought a scroll of teleportation for 66 gold pieces
 46253 | Depths:3 | Bought a scroll of teleportation for 66 gold pieces
 46253 | Depths:3 | Bought a scroll of silence for 165 gold pieces
 46564 | Depths:3 | Received a gift from Okawaru
 46765 | Depths:3 | Noticed Parghit
 47275 | Depths:3 | Noticed a juggernaut
 47275 | Depths:3 | Noticed a golden dragon
 47275 | Depths:3 | Found a runed translucent door.
 47275 | Depths:3 | Found a runed translucent door.
 47458 | Depths:3 | Noticed a golden dragon
 47912 | Depths:3 | Noticed Boris
 47945 | Depths:3 | Killed Boris
 48203 | Depths:3 | Killed a juggernaut
 48225 | Depths:3 | Killed a golden dragon
 48255 | Depths:3 | Identified the +3 hand crossbow "Cauheybargh" {penet,
                  | Will+}
 48363 | Depths:3 | Paralysed by a floating eye for 3 turns
 48395 | Depths:3 | Killed a golden dragon
 48395 | Depths:3 | Received a gift from Okawaru
 48395 | Depths:3 | Paralysed by a floating eye for 3 turns
 48425 | Depths:3 | Received a gift from Okawaru
 48449 | Depths:3 | Reached skill level 5 in Spellcasting
 48462 | Depths:3 | Identified the +1 robe of Qoov Ilo {Drain rC++ rN+ rCorr}
 48920 | Crypt:1  | Entered Level 1 of the Crypt
 48952 | Crypt:1  | Noticed Frederick
 48977 | Crypt:1  | Killed Frederick
 49269 | Crypt:1  | You are sucked into a shaft and drop 1 floor!
 49378 | Crypt:1  | Reached skill level 5 in Translocations
 49729 | Crypt:1  | Received a gift from Okawaru
 49730 | Crypt:1  | Reached XP level 23. HP: 140/150 MP: 10/33
 51433 | Crypt:2  | Noticed Sojobo
 51458 | Crypt:2  | Killed Sojobo
 51685 | Crypt:2  | Received a gift from Okawaru
 52516 | Crypt:2  | Received a gift from Okawaru
 52781 | Crypt:3  | Entered Level 3 of the Crypt
 52878 | Crypt:3  | Received a gift from Okawaru
 52943 | Crypt:3  | Found a basalt altar of Yredelemnul.
 53523 | Crypt:3  | Received a gift from Okawaru
 53925 | Crypt:3  | Identified the ring "Toam" {Fire Will+ Slay+3}
 54380 | Crypt:3  | Received a gift from Okawaru
 54453 | Crypt:3  | Noticed Saint Roka
 54470 | Crypt:3  | Killed Saint Roka
 54479 | Crypt:3  | Reached XP level 24. HP: 114/157 MP: 8/33
 54613 | Crypt:3  | Found a staircase to the Tomb.
 54842 | Crypt:3  | Found a basalt altar of Yredelemnul.
 54842 | Crypt:3  | Noticed a curse toe
 54847 | Crypt:3  | Found an ancient bone altar of Kikubaaqudgha.
 54847 | Crypt:3  | Noticed a curse toe
 54855 | Crypt:3  | Killed a curse toe
 54864 | Crypt:3  | Killed a curse toe
 54870 | Crypt:3  | Got the Volume of Black Rites
 54916 | Crypt:3  | Identified the ring "Bulucku" {Fire Str+2 SInv}
 55160 | Vaults:5 | Entered Level 5 of the Vaults
 55312 | Vaults:5 | Paralysed by a sphinx for 4 turns
 55318 | Vaults:5 | Found the +10 Black Knight's barding {ponderous, rPois rN+}
 55323 | Vaults:5 | Noticed an ancient lich
 55337 | Vaults:5 | Noticed Boris
 55383 | Vaults:5 | Noticed a dread lich
 55396 | Vaults:5 | HP: 7/155 [tengu reaver/+0 great sword (2)]
 55398 | Vaults:5 | Mangled by a vault guard

Illustrated notes

Levels and vault maps discovered:
D:1:      psy_arrival_dodecagon, layout_loops_ring, minmay_gold_behind_fungi,
          minmay_crystal_room
D:2:      layout_loops_ring, hellmonk_ecumenical_altar_heavens_door,
          minivault_25
D:3:      layout_rooms, trog_hazing_becter
D:4:      layout_loops_corners, minmay_temple_entry_fiery,
          nicolae_stop_n_shop_1, corexii_checkpoint_a, uniq_blork_the_orc,
          uniq_natasha, uniq_grinder, uniq_robin, uniq_sigmund,
          uniq_crazy_yiuf_cottage
D:5:      layout_loops_ring, hangedman_decor_points
D:6:      layout_rooms, serial_park_tiny_2, serial_bayou_pond_a,
          nrook_mini_backslash, uniq_edmund
D:7:      gammafunk_cloud_chamber, layout_loops_ring,
          gammafunk_temple_overflow_arena, uniq_duvessa, uniq_pikel
D:8:      layout_rooms, gammafunk_ghost_nasty_kobolds, interstate_on_off
D:9:      layout_basic, ploomutoo_gammafunk_ghost_potion_laboratory, uniq_joseph
D:10:     layout_loops_ring, due_lair_maze_entry_diamond, enter_trove_3
D:11:     layout_long_grid
D:12:     layout_basic, minmay_orc_entry_temple_small, uniq_erolcha
D:13:     gammafunk_worm_tunnel, layout_basic, jiyva_altar_1
D:14:     layout_stronghold, ximxim_vaults_locker_room, minivault_14,
          grunt_ministairs_14, uniq_josephine
D:15:     grunt_enter_depths_snipers, layout_gridville, minmay_door_square,
          serial_shops, shop, uniq_agnes
Temple:   mainiacjoe_temple_big_plus
Lair:1:   layout_gridlike, beast_lair_carwin_3
Lair:2:   layout_gridlike, lemuel_fruit_tree
Lair:3:   layout_roguey, spider_nest_entry_a, uniq_gastronok
Lair:4:   layout_small_grid, minmay_swamp_entry_swarm, columned_hall_lemuel,
          grunt_megastairs_5
Lair:5:   layout_hall_layers, grunt_forest_large_clearings, uniq_snorg
Lair:6:   grunt_lair_end_beastmaster, layout_cave_pods,
          dpeg_slime_entry_enclosed_altar, maelrawn_ghost_gauntlet_escape,
          serial_bayou_pond_c, hibernation_bobbens, lemuel_fruit_fields
Swamp:1:  layout_falls_marsh, evilmike_swamp_ruin_house_6
Swamp:2:  layout_basic_swamp, evilmike_swamp_ruin_rubble_1,
          infiniplex_staircase_pool
Swamp:3:  layout_basic_swamp, nicolae_swamp_godswood
Swamp:4:  swamp_old_school, layout_basic_swamp
Spider:1: layout_spider_delve, uniq_donald
Spider:2: layout_spider_delve, uniq_louise
Spider:3: layout_spider_delve, portal_ice_cave_entry_pillars_four,
          nicolae_spider_orb_run, hangedman_spider_tarantella_strand
Spider:4: spider_rune_water, nicolae_spider_undead_wolf_pack, uniq_arachne
Orc:1:    orc_temple, layout_caves, minmay_orc_barracks, uniq_sonja
Orc:2:    st_orc_elflike, layout_caves, serial_shops, nicolae_shop_hallway_plus,
          ebering_ghost_disaster_area, uniq_azrael
Vaults:1: nicolae_vaults_triangles, nicolae_vaults_quadrants, v_alt_pattern_2,
          v_misc_11, vaults_room_pool, vaults_dpeg_doors, v_misc_26,
          ontoclasm_vaults_misaligned, v_misc_14, ontoclasm_vaults_eye,
          vaults_room_fancy_cross, vaults_room_hallway,
          ontoclasm_vaults_ligature, v_alt_pattern_3, vaults_dpeg_cross,
          nicolae_vaults_alarming, layout_vaults_maze
Vaults:2: nicolae_vaults_ninety_degrees, v_misc_22, st_spiral_rooms,
          vaults_standard_mumra_enter_the_diamond, v_misc_5,
          hangedman_vaults_slice, v_misc_9, hangedman_vaults_nails,
          nicolae_vaults_rhombus_5, nicolae_vaults_ring_of_whatevers,
          vaults_room_stairs_pillars, nicolae_vaults_angled_halls,
          layout_vaults_omnicross, minmay_crypt_entry_necro_gods, serial_shops,
          shop_statue
Vaults:3: grunt_vaults_hallway_short, grunt_vaults_bifocal,
          nicolae_vaults_little_squares_2, hangedman_vaults_variations,
          v_alt_pattern_5, hangedman_vaults_trim, v_alt_pattern_4,
          nicolae_vaults_little_squares_4, vaults_standard_mumra_x,
          vaults_room_corners, hangedman_vaults_stretched_pinwheel,
          v_alt_pattern_3, ontoclasm_vaults_twist, nicolae_vaults_display_case,
          vaults_room_fours, vaults_room_door_ring, layout_vaults_ring
Vaults:4: vaults_mumra_chevron, v_misc_1, v_misc_24, v_misc_11,
          hangedman_vaults_maws, ontoclasm_vaults_misaligned, serial_ice_g,
          vaults_mumra_lcd, v_misc_12, vaults_room_door_hall, vaults_room_pool,
          ontoclasm_vaults_decontamination, nicolae_vaults_theta,
          layout_vaults_big_room, serial_shops, shop, shop, shop,
          nicolae_shop_stone, serial_hangedman_research,
          hangedman_research_quantum, hangedman_research_pyrotechnics,
          hangedman_research_toxicology, hangedman_research_metamorphosis
Vaults:5: serial_shops
Crypt:1:  layout_regular_city, minivault_11, grunt_crypt_arrival_webbed,
          grunt_megastairs_1, uniq_frederick
Crypt:2:  layout_basic, minivault_23, grunt_megastairs_2, uniq_sojobo
Crypt:3:  lightli_unholy_cathedral, layout_chaotic_city,
          tomb_entry_simple_bobbens, lemuel_mausoleum_altar_yredelemnul,
          grunt_megastairs_3, uniq_saint_roka
Depths:1: layout_twisted_cross, enter_ziggurat_b, hell_entry,
          nemelex_xobeh_ov_fountains_minmay, okawaru_altar_gauntlet_db
Depths:2: minmay_the_grid_triangle_9x9_recursive_2_mashed
          [minmay_the_grid_triangle_9x9_prize_insulated,
          minmay_the_grid_triangle_9x9_skeleton,
          minmay_the_grid_triangle_9x9_semitri,
          minmay_the_grid_triangle_9x9_checkered], layout_gridville,
          serial_shops, nicolae_stop_n_shop_2, roderic_roman_lattice,
          abyss_entry, hell_entry, rand_demon_pan_entry_9, serial_bayou_shore_a
Depths:3: minmay_expanding_circles, layout_gridlike, abyss_entry,
          hangedman_tar_grid_catacomb, drop_trap, infiniplex_staircase_zigzag_3,
          minmay_shop_star, uniq_boris, uniq_parghit

Skill      XL: |  1  2  3  4  5  6  7  8  9 10 11 12 13 14 15 16 17 18 19 20 21 22 23 24 |
---------------+-------------------------------------------------------------------------+-----
Long Blades    | 2 3 4 5 6 7 8 9 10 11 12 13 14 15 16 17 | 17.6
Armour         | 4 5 6 7 9 10 11 12 13 14 15 16 17 18 19 20 | 20.6
Shields        | 4 5 6 7 9 10 11 12 13 14 15 16 17 18 19 20 | 20.6
Dodging        | 1 2 3 4 5 6 7 8 9 10 11 | 11.5
Fighting       | 4 5 6 8 9 11 12 13 14 15 16 17 18 | 18.0
Invocations    | 1 3 4 5 6 7 8 9 10 11 12 13 14 | 14.7
Evocations     | 2 3 4 5 6 7 8 9 10 11 | 11.9
Throwing       | 1 3 4 5 6 7 |  7.6
Spellcasting   | 2 4 5 6 |  6.3
Translocations | 2 3 5 6 |  6.2

Action                   |  1- 3 |  4- 6 |  7- 9 | 10-12 | 13-15 | 16-18 | 19-21 | 22-24 || total
-------------------------+-------+-------+-------+-------+-------+-------+-------+-------++-------
Melee: Long sword        |   158 |   190 |   373 |   334 |    12 |       |       |       ||  1067
       Scimitar          |       |       |       |   648 |  2241 |  1931 |  1231 |    91 ||  6142
       Demon blade       |       |       |       |       |       |       |   973 |  1091 ||  2064
       Double sword      |       |       |       |       |       |       |       |  1502 ||  1502
Invok: Heroism           |       |       |     8 |    12 |    38 |    29 |    22 |    16 ||   125
       Finesse           |       |       |       |     1 |    13 |    13 |     7 |     8 ||    42
Evoke: Wand              |       |       |       |       |     6 |       |       |     7 ||    13
       Condenser vane    |       |       |       |       |       |     1 |     3 |     5 ||     9
  Use: Scroll            |     2 |     7 |     5 |     9 |     6 |     3 |     2 |    11 ||    45
       Potion            |       |     2 |     1 |       |     6 |     8 |     1 |    22 ||    40
 Stab: Petrified         |       |       |       |       |    11 |       |       |       ||    11
       Distracted        |       |       |       |       |       |       |       |     1 ||     1
Armor: Scale mail        |    90 |   148 |   193 |     8 |       |       |       |       ||   439
       Plate armour      |       |       |       |   491 |  1054 |  1127 |   262 |       ||  2934
       Skin              |       |       |       |       |     1 |       |       |       ||     1
       Crystal plate arm |       |       |       |       |       |       |   933 |  1388 ||  2321
Dodge: Dodged            |    72 |    81 |   179 |   287 |   782 |   682 |   692 |   568 ||  3343
Block: Buckler           |    34 |    46 |   100 |    96 |       |       |       |       ||   276
       Kite shield       |       |       |       |   423 |  1480 |   804 |       |       ||  2707
       Tower shield      |       |       |       |       |       |  1231 |  2652 |  2727 ||  6610

Table legend: (Time is in decaauts)
 A = Elapsed time spent in this place.
 B = Non-inter-level travel time spent in this place.
 C = Inter-level travel time spent in this place.
 D = Time resting spent in this place.
 E = Time spent auto-exploring this place.
 F = Levels seen in this place.
 G = Mean time per level.
                   A        B        C        D        E       F      G
               +--------+--------+--------+--------+--------+-----+--------+
         Total |  53219 |  49613 |   3606 |    905 |  31302 |  46 | 1156.9 |
       Dungeon |  15169 |  13197 |   1972 |    301 |   8145 |  15 | 1011.3 |
        Temple |    427 |    392 |     35 |      0 |    382 |   1 |  427.0 |
          Lair |   6103 |   5714 |    389 |     32 |   3428 |   6 | 1017.2 |
         Swamp |   2347 |   2212 |    135 |      0 |   1325 |   4 |  586.8 |
   Spider Nest |   5141 |   4906 |    235 |    147 |   2969 |   4 | 1285.2 |
  Orcish Mines |   2485 |   2294 |    191 |    119 |   1355 |   2 | 1242.5 |
        Vaults |   9493 |   9099 |    394 |    170 |   6415 |   5 | 1898.6 |
         Crypt |   5828 |   5717 |    111 |      0 |   3760 |   3 | 1942.7 |
        Depths |   5235 |   5095 |    140 |      0 |   3310 |   3 | 1745.0 |
         Abyss |    319 |    319 |      0 |      0 |      0 |   2 |  159.5 |
      Ice Cave |    667 |    667 |      0 |    136 |    213 |   1 |  667.0 |
               +--------+--------+--------+--------+--------+-----+--------+

Top non-repeatable levels by time:
Vaults:1: 2603 daAuts
Vaults:4: 2581 daAuts
Vaults:3: 2185 daAuts
 Crypt:3: 2119 daAuts
Depths:2: 2119 daAuts
Depths:3: 2100 daAuts
 Crypt:1: 2038 daAuts
Vaults:2: 1952 daAuts
 Crypt:2: 1670 daAuts
Spider:3: 1597 daAuts
  Lair:6: 1580 daAuts
    D:14: 1486 daAuts
     D:4: 1393 daAuts
   Orc:1: 1336 daAuts
  Lair:4: 1318 daAuts
